AoeStats
← kickbear

Arabia

510712608Analyzed
3v3 RM · 17h ago on Oct 2, 2026· 54m 16s· 6 players
Game mode
Random Map
Map size
Normal (6 player)
Population
200
Speed
Normal
Resources
Standard
Victory
Conquest
Starting age
Dark Age
Ending age
Imperial Age
RankedLock teamsTeams togetherTeam positionsShared explorationLock speedFull tech treeHidden civsTurbo modeCheats
Victory
Defeat
🇮🇹 Burgundians · Italy
830
+18
🇮🇹 Armenians · Italy
812
+19
🇮🇹 Aztecs · Italy
793
+22
🇳🇱 Jurchens · Netherlands
893
-20
🇨🇳 Vietnamese · China
885
-19
🇹🇼 Japanese · Taiwan
853
-18
f55555k
12:31 Feudal Age
12:57 Double-Bit Axe
16:51 Gold Mining
19:33 Castle Age
18:19 Stone Mining
20:09 Fletching
21:41 Wheelbarrow
24:30 Gold Mining
28:21 Bow Saw
28:17 Fletching
28:29 Padded Archer Armor
28:33 Crossbowman
29:41 Hand Cart
30:40 Gold Shaft Mining
30:46 Thumb Ring
30:43 Town Watch
32:01 Murder Holes
35:22 Imperial Age
32:52 Treadmill Crane
33:52 Caravan
34:25 Town Patrol
34:12 Loom
34:51 Yasama
37:25 Conscription
39:46 Two-Man Saw
39:56 Chemistry
39:19 Ballistics
38:57 Bodkin Arrow
39:18 Leather Archer Armor
39:52 Bracer
39:25 Arbalester
41:14 Coinage
41:40 Guard Tower
41:37 Arrowslits
42:05 Masonry
42:00 Siege Engineers
43:04 Keep
44:04 Hoardings
44:29 Ring Archer Armor
44:10 Forging
44:02 Scale Mail Armor
44:08 Scale Barding Armor
45:09 Keep
44:46 Fortified Wall
50:18 Iron Casting
49:59 Chain Mail Armor
50:04 Chain Barding Armor
52:00 Blast Furnace
Maximumraver
0:31 Loom
11:37 Feudal Age
12:12 Town Watch
17:40 Castle Age
19:16 Horse Collar
22:03 Town Patrol
23:32 Double-Bit Axe
26:25 Fletching
28:55 Wheelbarrow
28:24 Gold Mining
28:00 Crossbowman
29:52 Bow Saw
30:53 Hand Cart
33:43 Imperial Age
32:10 Gold Shaft Mining
31:40 Pikeman
32:22 Squires
33:13 Scale Mail Armor
33:18 Padded Archer Armor
35:52 Caravan
45:39 Leather Archer Armor
46:27 Halberdier
47:14 Halberdier
51:56 Ring Archer Armor
wsxc
9:28 Loom
11:40 Feudal Age
19:10 Castle Age
19:55 Double-Bit Axe
19:54 Horse Collar
21:52 Fletching
25:00 Bow Saw
24:53 Heavy Plow
25:01 Padded Archer Armor
25:15 Crossbowman
26:30 Gold Mining
26:53 Thumb Ring
27:09 Leather Archer Armor
28:09 Wheelbarrow
28:51 Hand Cart
30:19 Bodkin Arrow
40:48 Imperial Age
40:27 Town Watch
42:27 Bracer
42:57 Ring Archer Armor
44:14 Paper Money
43:23 Elite Rattan Archer
48:50 Two-Man Saw
49:54 Chemistry
49:18 Ballistics
49:45 Squires
53:46 Crop Rotation
Lain
7:09 Double-Bit Axe
7:19 Loom
9:42 Feudal Age
10:53 Bow Saw
10:25 Horse Collar
11:14 Heavy Plow
16:09 Stone Mining
16:12 Gold Mining
16:13 Stone Mining
18:19 Gold Shaft Mining
19:22 Wheelbarrow
19:34 Stone Shaft Mining
20:57 Hand Cart
23:38 Castle Age
23:07 Forging
23:03 Scale Barding Armor
24:28 Cavalier
25:09 Husbandry
24:33 Light Cavalry
25:48 Crop Rotation
26:26 Two-Man Saw
27:42 Iron Casting
27:27 Chain Barding Armor
29:41 Chain Barding Armor
32:22 Burgundian Vineyards
32:22 Fletching
33:03 Ballistics
37:34 Imperial Age
35:30 Guard Tower
36:02 Fortified Wall
35:34 Treadmill Crane
36:07 Masonry
38:32 Elite Coustillier
40:07 Block Printing
40:22 Illumination
39:30 Hussar
41:13 Paladin
45:08 Hoardings
45:40 Blast Furnace
47:30 Redemption
48:05 Onager
51:34 Plate Barding Armor
50:57 Bodkin Arrow
51:05 Scale Mail Armor
52:32 Chemistry
51:18 Arrowslits
52:09 Keep
kickbear
8:06 Loom
10:13 Feudal Age
11:09 Double-Bit Axe
13:47 Wheelbarrow
13:33 Horse Collar
14:59 Gold Mining
15:02 Stone Mining
23:40 Castle Age
21:46 Fletching
25:22 Hand Cart
24:48 Crossbowman
28:47 Man-at-Arms
29:13 Gambesons
29:30 Squires
28:53 Pikeman
32:23 Long Swordsman
33:34 Two-Handed Swordsman
35:24 Bow Saw
35:49 Gold Shaft Mining
35:33 Town Watch
35:31 Champion
40:34 Imperial Age
38:30 Halberdier
38:56 Arson
39:13 Bodkin Arrow
41:15 Arbalester
42:18 Fereters
41:51 Heavy Scorpion
42:04 Elite Skirmisher
47:51 Town Patrol
47:57 Bracer
48:07 Forging
47:58 Scale Mail Armor
47:58 Padded Archer Armor
Viole
8:13 Loom
10:27 Feudal Age
11:12 Double-Bit Axe
13:20 Horse Collar
23:29 Castle Age
21:48 Scale Mail Armor
22:23 Forging
25:38 Wheelbarrow
25:33 Bow Saw
25:13 Eagle Warrior
25:58 Squires
26:25 Chain Mail Armor
26:46 Iron Casting
26:34 Heavy Plow
28:06 Gold Mining
28:16 Stone Mining
31:30 Town Watch
36:00 Atlatl
37:30 Gold Shaft Mining
37:31 Stone Shaft Mining
37:51 Hand Cart
41:55 Imperial Age
44:40 Plate Mail Armor
45:11 Blast Furnace
43:51 Capped Ram
45:17 Elite Jaguar Warrior
46:37 Capped Ram
47:48 Town Patrol
47:47 Siege Ram
48:38 Elite Eagle Warrior
50:34 Arson
51:54 Garland Wars
51:08 Sappers
Connection lost

Rejoining the realm…

Still unreachable

The connection could not be restored.

Session expired

The server has moved on; the page needs a fresh start.